 Dungeon Crawl Stone Soup version 0.26.1-11-gd32895ea62 (webtiles) character file.

Game seed: 4748137566161807411

586 nomophobia the Covered (level 7, -2/61 HPs)
             Began as a Minotaur Gladiator on May 19, 2021.
             Succumbed to chaostorm's ghost's poison
             ... on level 7 of the Dungeon.
             The game lasted 00:37:27 (3413 turns).

nomophobia the Covered (Minotaur Gladiator)         Turns: 3413, Time: 00:37:27

Health: -2/61      AC: 16    Str: 21      XL:     7   Next: 15%
Magic:  6/6        EV:  7    Int:  5      God:
Gold:   246        SH:  0    Dex:  8 (11) Spells: 6/6 levels left

rFire    . . .     SeeInvis .   a - +2 war axe
rCold    . . .     Faith    .   (no shield)
rNeg     . . .     Spirit   .   s - +1 plate armour
rPois    .         Reflect  .   c - +0 hat
rElec    .         Harm     .   k - +0 cloak
rCorr    .         Rampage  .   u - +0 pair of gloves
Will     .....                  (no boots)
Stlth    ..........             (no amulet)
HPRegen  0.20/turn              (no ring)
MPRegen  0.10/turn              (no ring)

@: lethally poisoned (-2 -> -36), hasted, very quick
A: retaliatory headbutt, horns 2
a: no special abilities


You were on level 7 of the Dungeon.
You visited 1 branch of the dungeon, and saw 5 of its levels.

You collected 246 gold pieces.

Inventory:

Hand Weapons
 a - a +2 war axe (weapon)
 n - a +2 vorpal mace
Missiles
 d - 3 throwing nets (quivered)
Armour
 c - a +0 hat (worn)
 k - a +0 cloak (worn)
 o - a cursed +0 chain mail
 s - a +1 plate armour (worn)
 u - a +0 pair of gloves (worn)
Wands
 b - a wand of enslavement (7)
Scrolls
 f - a scroll of identify
 g - 3 scrolls of remove curse
 j - 3 scrolls of teleportation
Potions
 e - 2 potions of curing {unknown}
 h - 3 potions of mutation
 i - a potion of haste
 l - 3 potions of heal wounds {unknown}
 m - a potion of resistance {unknown}
 p - a potion of might {unknown}
 q - 2 potions of attraction {unknown}
 r - a potion of lignification {unknown}
 t - a potion of magic {unknown}


   Skills:
 + Level 5.0 Fighting
 + Level 5.7 Axes
 - Level 2.0 Throwing
 * Level 6.2 Armour
 - Level 3.7 Dodging


You had 6 spell levels left.
You didn't know any spells.
Your spell library was empty.

Dungeon Overview and Level Annotations

Branches:
Dungeon (7/15)
 Temple: D:4-7

Altars:
Ashenzari
Wu Jian

Annotations:
D:7 1 transporter, chaostorm's ghost, novice MiBe


Innate Abilities, Weirdness & Mutations

You reflexively headbutt those who attack you in melee.
You have a pair of horns on your head.


Message History

* * * LOW HITPOINT WARNING * * *
You are more poisoned.
Found a transporter.
Unknown command.
Your surroundings suddenly seem different.
* * * LOW HITPOINT WARNING * * *
You feel very sick.
A centaur comes into view.
The centaur shouts!
A killer bee comes into view.
The killer bee buzzes angrily.
You hear an angry hiss.
The centaur wields a +0 shortbow.
The centaur shoots an arrow.
The arrow hits you but does no damage.
A killer bee comes into view.
An iguana comes into view.
The centaur shoots an arrow.
The arrow hits you.
* * * LOW HITPOINT WARNING * * *
You hear an angry buzzing noise. x2
Found 2 arrows.
It was a potion of haste.
You feel yourself speed up.
You die...

....# #........... .....
........... .....
........... .....
.......... .....
#......... ......
##.###......... .......
............... .......
.......@................
........###.... ........
.......## ... .......
....... ... #..#...
....y.. ....##.##...
....... ....#.......
..#...c #..........
..#y..l ###.........
............


You could see a centaur, an iguana and 2 killer bees.

Vanquished Creatures
  2 bullfrogs
  A scorpion (D:6)
  2 quasits (D:7)
  2 orc wizards (D:6)
  Jessica (D:2)
  An iguana (D:6)
  A worker ant (D:6)
  Robin (D:2)
  5 adders
  2 shadow imps
  An ufetubus (D:6)
  An ooze (D:1)
  6 worms
  5 dart slugs
  2 leopard geckos (D:6)
  3 orcs (D:6)
  8 giant cockroaches
  16 goblins
  8 hobgoblins
  8 jackals
  2 quokkas
  3 ball pythons
  8 bats
  4 frilled lizards
  7 kobolds
  7 rats
107 creatures vanquished.

Vanquished Creatures (others)
  A goblin (D:2)
  A plant (D:3)
2 creatures vanquished.

Grand Total: 109 creatures vanquished

Notes
Turn   | Place    | Note
-------+----------+-------------------------------------------
     0 | D:1      | nomophobia the Minotaur Gladiator began the quest for the
                  | Orb.
     0 | D:1      | Reached XP level 1. HP: 18/18 MP: 0/0
    83 | D:1      | Reached skill level 1 in Armour
   113 | D:1      | Reached XP level 2. HP: 23/25 MP: 1/1
   405 | D:1      | Reached skill level 2 in Armour
   405 | D:1      | Reached XP level 3. HP: 30/30 MP: 2/2
   920 | D:2      | Found an ornate altar of the Wu Jian Council.
  1364 | D:2      | Reached XP level 4. HP: 38/38 MP: 3/3
  1465 | D:2      | Noticed Robin
  1484 | D:2      | Reached skill level 3 in Armour
  1491 | D:2      | Killed Robin
  1548 | D:2      | Noticed Jessica
  1552 | D:2      | Killed Jessica
  1563 | D:2      | Reached XP level 5. HP: 45/45 MP: 4/4
  1577 | D:2      | Found a broken altar of Ashenzari.
  1845 | D:3      | Reached skill level 4 in Armour
  2251 | D:3      | You fall into a shaft and drop 3 floors!
  2374 | D:6      | Reached skill level 5 in Axes
  2374 | D:6      | Reached XP level 6. HP: 52/52 MP: 5/5
  2643 | D:6      | Reached skill level 5 in Armour
  3365 | D:7      | Found a transporter.
  3372 | D:7      | Reached XP level 7. HP: 60/60 MP: 6/6
  3395 | D:7      | Noticed chaostorm's ghost (novice MiBe)
  3408 | D:7      | Reached skill level 6 in Armour
  3410 | D:7      | Reached skill level 5 in Fighting
  3411 | D:7      | Found a transporter.
  3412 | D:7      | HP: 2/61 [poisoned by chaostorm's ghost]
  3413 | D:7      | Succumbed to chaostorm's ghost's poison

Illustrated notes

Levels and vault maps discovered:
D:1:      lemuel_arrival_muddy, layout_loops_ring, st_stairs_14,
          minmay_close_crescents
D:2:      layout_rooms, lemuel_crystal_altar, nzn_wu_jian_council_hall,
          uniq_robin, uniq_jessica
D:3:      cheibrodos_old_hovel, layout_loops_ring, minmay_misc_feat_nine_boxes
D:6:      layout_basic, gup_sewer_entry_bowl
D:7:      layout_cave_pools, gammafunk_ghost_stat_death, grunt_ministairs_8,
          nicolae_tso_carved_into_rock, uniq_joseph

Skill      XL: |  1  2  3  4  5  6  7 |
---------------+----------------------+-----
Armour         | 1 2 3 4 5 6 |  6.2
Axes           | 4 5 |  5.7
Fighting       | 3 4 5 |  5.0
Throwing       | |  2.0
Dodging        | |  3.7

Action                   |  1- 3 |  4- 6 |  7- 9 || total
-------------------------+-------+-------+-------++-------
Melee: War axe           |   102 |   115 |    10 ||   227
       Headbutt          |    12 |    22 |       ||    34
  Use: Scroll            |     7 |     2 |     1 ||    10
       Potion            |       |       |     1 ||     1
Armor: Leather armour    |    27 |       |       ||    27
       Plate armour      |     5 |   113 |    56 ||   174
Dodge: Dodged            |    82 |    55 |    29 ||   166
